 Dungeon Crawl Stone Soup version 0.29-a0-541-gaf1fc19f1b (webtiles) character file.

Game seed: 13690430014360853675

136 kae the Firebug (level 4, -3/35 HPs)
             Began as a Demigod Fire Elementalist on June 2, 2022.
             Slain by a gnoll shaman
             ... wielding a +0 whip
              (10 damage)
             ... on level 3 of the Dungeon.
             The game lasted 00:02:12 (3378 turns).

kae the Firebug (Demigod Fire Elementalist)         Turns: 3378, Time: 00:02:13

Health: -3/35      AC:  2    Str:  9    XL:     4   Next: 67%
Magic:  10/19      EV: 12    Int: 21    God:
Gold:   146        SH:  0    Dex: 14    Spells: 1/7 levels left

rFire   . . .      SeeInvis .   e - +1 whip
rCold   . . .      Faith    .   (no shield)
rNeg    . . .      Spirit   .   a - +0 robe
rPois   .          Reflect  .   (no helmet)
rElec   .          Harm     .   (no cloak)
rCorr   .          Rampage  .   (no gloves)
Will    .....                   (no boots)
Stlth   ++........              (no amulet)
HPRegen 0.11/turn               p - ring of magical power
MPRegen 0.16/turn               (no ring)

@: no status effects
A: high MP 1, forlorn, divine attributes
a: no special abilities


You were on level 3 of the Dungeon.
You visited 1 branch of the dungeon, and saw 4 of its levels.

You collected 146 gold pieces.

Inventory:

Hand Weapons
 e - a +1 whip (weapon)
Missiles
 n - a throwing net
Armour
 a - a +0 robe (worn)
Jewellery
 p - a ring of magical power (left hand)
Scrolls
 g - a scroll of enchant weapon
 q - a scroll of teleportation {unknown}
 s - a scroll of enchant armour {unknown}
Potions
 b - a potion of magic
 f - 8 potions of curing
 i - a potion of brilliance
 j - 2 potions of haste
 k - a potion of ambrosia
 m - a potion of heal wounds
 o - a potion of lignification
 r - a potion of flight


   Skills:
 + Level 1.2 Fighting
 + Level 2.4 Dodging
 - Level 1.7 Stealth
 + Level 2.3 Spellcasting
 * Level 2.4 Conjurations
 * Level 3.5 Fire Magic


You had one spell level left.
You knew the following spells:

 Your Spells              Type           Power      Damage    Failure   Level
a - Foxfire               Conj/Fire      56%        2x1d6     4%          1
b - Scorch                Fire           34%        2d6       4%          2
c - Conjure Flame         Conj/Fire      14%        6-21      13%         3

Your spell library contained the following spells:

 Spells                   Type           Power      Damage    Failure   Level
 Inner Flame              Hex/Fire       9%         N/A       21%         3
 Sublimation of Blood     Necr           2%         N/A       22%         2
 Flame Wave               Conj/Fire      14%        2d6       38%         4
 Petrify                  Tmut/Erth      2%         N/A       82%         4
 Irradiate                Conj/Tmut      3%         3d14      94%         5
 Summon Forest            Summ/Tloc      1%         N/A       99%         5
 Summon Mana Viper        Hex/Summ       2%         N/A       99%         5
 Summon Cactus Giant      Summ           1%         N/A       100%        6
 Malign Gateway           Summ/Tloc      1%         N/A       100%        7
 Summon Horrible Things   Summ           1%         N/A       100%        8


Dungeon Overview and Level Annotations

Branches:
Dungeon (4/15)
 Temple: D:4-7

Shops:
D:1 :

Annotations:
D:3 Sigmund


Innate Abilities, Weirdness & Mutations

You have an increased reservoir of magic. (+10% MP)
You shall have no god before yourself.
Your divine heritage dramatically boosts your attributes as you level up.


Message History

A gnoll comes into view. It is wielding a +0 whip.
The gnoll shaman hits you with a +0 whip!
Casting: Scorch (safe; 4% risk of failure)
Confirm with . or Enter, or press ? or * to list all spells.
Flames lash the gnoll shaman.
The gnoll shaman is severely wounded.
The gnoll shaman's fire resistance burns away.
You hear a shout! x2
The gnoll shaman hits you with a +0 whip.
A gnoll comes into view. It is wielding a +0 halberd.
The gnoll shaman prays to its god.
The gnoll shaman is healed somewhat.
Casting: Scorch (safe; 4% risk of failure)
Confirm with . or Enter, or press ? or * to list all spells.
Flames lash the gnoll shaman.
The gnoll shaman is heavily wounded.
The gnoll shaman mumbles some strange prayers to its god against you.
You resist with some effort.
A goblin comes into view. It is wielding a +0 dagger.
The gnoll shaman closely misses you.
The gnoll shaman hits you with a +0 whip.
You see here a +0 spear.
The gnoll shaman attacks as you move away!
The gnoll shaman hits you with a +0 whip.
* * * LOW HITPOINT WARNING * * *
Your magical contamination has completely faded away.
There is a stone staircase leading up here.
The gnoll shaman is no longer more vulnerable to fire.
The gnoll shaman hits you with a +0 whip.
* * * LOW HITPOINT WARNING * * *
You climb upwards.
Level annotation: Sigmund
There is a stone staircase leading down here.
Casting: Scorch (safe; 4% risk of failure)
Confirm with . or Enter, or press ? or * to list all spells.
Flames lash the gnoll shaman.
The gnoll shaman is severely wounded.
The gnoll shaman's fire resistance burns away.
The gnoll shaman hits you with a +0 whip!
You die...

..........#
#.####.#
.#####....#
#.# #.# .##
####.# #.# #.#
..# #.# #.#
#.# #.# #.#
###.####.# #.#
#.# #.....##.#
..# #.#
#.#.#.##.# ###
#.# #.#......#
# #.#
#.##@....# #.#
#...g.##.# #.#
####.###.# #.#
#.# #.#
#.######.# #.#
#........###.#
#.#####......#
#########.#
#.######
..........#
#.#


You could see a gnoll shaman (combustible).

Vanquished Creatures
  Natasha (D:3)
  A gnoll (D:4)
  3 adders
  3 worms (D:3)
  A dart slug (D:2)
  An orc (D:3)
  6 bats
  5 endoplasms
  2 giant cockroaches (D:1)
  8 hobgoblins
  A quokka (D:1)
  6 ball pythons
  3 frilled lizards
  4 goblins
  5 kobolds
  8 rats
58 creatures vanquished.

Vanquished Creatures (collateral kills)
  An adder (D:2)
1 creature vanquished.

Vanquished Creatures (others)
  215 foxfires
215 creatures vanquished.

Grand Total: 274 creatures vanquished

Notes
Turn   | Place    | Note
-------+----------+-------------------------------------------
     0 | D:1      | kae the Demigod Fire Elementalist began the quest for the
                  | Orb.
     0 | D:1      | Reached XP level 1. HP: 14/14 MP: 5/5
   153 | D:1      | Reached skill level 1 in Conjurations
   381 | D:1      | Reached XP level 2. HP: 18/22 MP: 2/7
   388 | D:1      | Learned a level 2 spell: Scorch
   423 | D:1      | Reached skill level 3 in Fire Magic
   934 | D:1      | Found Fyobb's Book Shoppe.
  1217 | D:2      | Reached XP level 3. HP: 27/27 MP: 3/8
  2020 | D:3      | Learned a level 3 spell: Conjure Flame
  2176 | D:3      | Reached skill level 1 in Fighting
  2257 | D:3      | Noticed Sigmund
  2408 | D:3      | Reached XP level 4. HP: 35/35 MP: 3/10
  2987 | D:3      | Noticed Natasha
  2994 | D:3      | Killed Natasha
  3378 | D:3      | Slain by a gnoll shaman

Illustrated notes

Levels and vault maps discovered:
D:1:      psy_arrival_conway, layout_loops_ring, serial_shops,
          nicolae_shop_hallway_plus
D:2:      layout_basic, hellmonk_ecumenical_altar_lost_god
D:3:      minmay_wonky_spiral, layout_loops_ring, elyvilon_altar_1,
          uniq_natasha, uniq_sigmund
D:4:      layout_basic, nicolae_uskayaw_en_pointe, mainiacjoe_overflow_brackets,
          minmay_temple_entry_statues_pillars, serial_corexii_hall,
          corexii_hall_statues_t, corexii_hall_statues_x

Skill      XL: |  1  2  3 |
---------------+----------+-----
Conjurations   | 1 2 |  2.4
Dodging        | 2 |  2.4
Fire Magic     | 3 |  3.5
Spellcasting   | 2 |  2.3
Fighting       | 1 |  1.2
Stealth        | |  1.7

Action                   |  1- 3 |  4- 6 || total
-------------------------+-------+-------++-------
Melee: Whip              |     6 |       ||     6
 Cast: Foxfire           |   100 |    28 ||   128
       Scorch            |     1 |     9 ||    10
  Use: Scroll            |     6 |     8 ||    14
Armor: Robe              |     4 |       ||     4
Dodge: Dodged            |    17 |    10 ||    27

Table legend: (Time is in decaauts)
 A = Elapsed time spent in this place.
 B = Non-inter-level travel time spent in this place.
 C = Inter-level travel time spent in this place.
 D = Time resting spent in this place.
 E = Time spent auto-exploring this place.
 F = Levels seen in this place.
 G = Mean time per level.
                   A        B        C        D        E       F      G
               +--------+--------+--------+--------+--------+-----+--------+
         Total |   3381 |   3257 |    124 |      4 |   2793 |   4 |  845.2 |
       Dungeon |   3381 |   3257 |    124 |      4 |   2793 |   4 |  845.2 |
               +--------+--------+--------+--------+--------+-----+--------+

Top non-repeatable levels by time:
     D:3: 1268 daAuts
     D:1: 1194 daAuts
     D:2: 824 daAuts
     D:4: 94 daAuts
